 Dungeon Crawl Stone Soup version 0.25-a0-474-ga8a2ee3166 (webtiles) character file.

Game seed: 8824813390431455850, levelgen mode: deterministic

599 Eurus the Magician (level 7, 0/54 HPs)
             Began as a Mummy Conjurer on Feb 7, 2020.
             Slain by an orc warrior
             ... wielding a +0 morningstar of protection
              (16 damage)
             ... on level 7 of the Dungeon.
             The game lasted 00:10:15 (4604 turns).

Eurus the Magician (Mummy Conjurer)                 Turns: 4604, Time: 00:10:16

Health: 0/54       AC:  2    Str: 11    XL:     7   Next: 17%
Magic:  2/15       EV: 12    Int: 17    God:
Gold:   109        SH:  0    Dex: 12    Spells: 14/17 levels left

rFire    x . .     SeeInvis .   h - +1 whip (venom)
rCold    + . .     Gourm    .   (no shield)
rNeg     + + +     Faith    .   a - +0 robe
rPois    ∞         Spirit   .   (no helmet)
rElec    .         Reflect  .   (no cloak)
rCorr    .         Harm     .   (no gloves)
MR       .....                  (no boots)
Stlth    ++........             (no amulet)
HPRegen  0.18/turn              (no ring)
MPRegen  0.14/turn              (no ring)

@: about to teleport
A: no food or potions, fire vulnerability, cold resistance 1, negative energy
resistance 3, torment resistance, unbreathing
a: no special abilities


You were on level 7 of the Dungeon.
You were not hungry.

You visited 1 branch of the dungeon, and saw 5 of its levels.
You also visited: Sewer.

You collected 109 gold pieces.

Inventory:

Hand Weapons
 d - a +0 dagger
 h - a +1 whip of venom (weapon)
Armour
 a - a +0 robe (worn)
 e - a cursed +0 leather armour
 o - the cursed +0 ring mail "Ittonene" {rN+, unknown}
   (You found it on level 4 of the Dungeon)

   It protects you from negative energy.
   If you switch to wearing this armour, your AC will rise 3 points (2 -> 5) It
   has a curse placed upon it.
Jewellery
 k - an uncursed ring of stealth {unknown}
 m - an uncursed ring of protection from cold {unknown}
Wands
 l - a wand of random effects (24)
Scrolls
 b - 2 scrolls of fog
 c - a scroll of enchant armour
 f - 3 scrolls of identify
 g - a scroll of teleportation
 i - a scroll of blinking
 j - a scroll of magic mapping {unknown}
 n - a scroll of remove curse {unknown}


   Skills:
 + Level 4.2 Fighting
 - Level 1.5 Dodging
 - Level 1.5 Stealth
 + Level 5.9 Spellcasting
 + Level 4.9 Conjurations


You had 14 spell levels left.
You knew the following spells:

 Your Spells              Type           Power        Failure   Level  Hunger
a - Magic Dart            Conj           ###.         1%          1    N/A
b - Searing Ray           Conj           ###...       2%          2    N/A

Your spell library contained the following spells:

 Spells                   Type           Power        Failure   Level  Hunger
 Dazzling Flash           Conj/Hex       ##....       14%         3    N/A
 Fulminant Prism          Conj/Hex       ##........   43%         4    N/A
 Iskenderun's Mystic Bla  Conj/Tloc      ##......     43%         4    N/A

Dungeon Overview and Level Annotations

Branches:
Dungeon (4/15)              Sewer (visited)
 Temple: D:4-7

Altars:
Nemelex Xobeh

Annotations:
D:1 1 exclusion


Innate Abilities, Weirdness & Mutations

You do not eat or drink.
Your flesh is vulnerable to fire.
You are immune to poison.
Your flesh is cold resistant. (rC+)
You are immune to negative energy. (rN+++)
You are immune to unholy pain and torment.
You can survive without breathing.


Message History

Confirm with . or Enter, or press ? or * to list all spells.
Aiming: Magic Dart (safe; 1% risk of failure)
Press: ? - help, Shift-Dir - straight line, f/p - orc
Aim: an orc, wielding a +0 hand axe and wearing a +0 leather armour (severely wounded)
The magic dart hits the orc.
You kill the orc!
An orc warrior comes into view.
It is wielding a +0 morningstar of protection.
What are your orders? t - Shout!
Orders for allies: a - Attack new target. r - Retreat! s - Stop attacking. g - Guard the area. f - Follow me.
Anything else - Cancel.
Retreat in which direction?
Press: ? - help, Dir - move target cursor, f - you
Okay, then.
As you read the scroll of teleportation, it crumbles to dust.
You feel strangely unstable.
The orc warrior hits you with a +0 morningstar of protection!
You die...

### #.#######
#.......#
+.o@.?..#
....).......#
............#
..>...†#######
..[.....
........
....... .....


You could see an orc warrior.

Vanquished Creatures
  A hippogriff (D:7)
  2 ogres (D:4)
  A scorpion (D:7)
  A hound (D:4)
  3 adders
  An ooze (D:2)
  3 worms
  A dart slug (D:3)
  8 leopard geckos
  13 orcs
  9 giant cockroaches
  8 goblins
  8 hobgoblins
  8 jackals
  A quokka (D:2)
  6 ball pythons
  15 bats
  7 frilled lizards
  6 kobolds
  7 rats
109 creatures vanquished.

Notes
Turn   | Place    | Note
-------+----------+-------------------------------------------
     0 | D:1      | Eurus the Mummy Conjurer began the quest for the Orb.
     0 | D:1      | Reached XP level 1. HP: 13/13 MP: 4/4
   134 | D:1      | Reached skill level 3 in Spellcasting
   306 | D:1      | Reached XP level 2. HP: 9/20 MP: 0/6
   310 | D:1      | Learned a level 2 spell: Searing Ray
   576 | D:1      | Reached skill level 1 in Fighting
  1349 | D:2      | Reached XP level 3. HP: 26/26 MP: 2/7
  2098 | D:2      | Found a sparkling altar of Nemelex Xobeh.
  2117 | D:2      | Reached XP level 4. HP: 33/33 MP: 6/9
  2438 | D:2      | Found a faded altar of an unknown god.
  2733 | D:3      | Reached skill level 4 in Spellcasting
  2737 | D:3      | Found a glowing drain.
  2779 | Sewer    | Entered a sewer
  3590 | D:3      | Reached XP level 5. HP: 39/39 MP: 6/11
  4315 | D:4      | Got an emerald-encrusted ring mail
  4332 | D:4      | Noticed an ogre
  4348 | D:4      | Killed an ogre
  4348 | D:4      | Reached skill level 5 in Spellcasting
  4348 | D:4      | Reached XP level 6. HP: 47/47 MP: 2/13
  4520 | D:4      | You fall into a shaft and drop 3 floors!
  4578 | D:7      | Noticed a hippogriff
  4593 | D:7      | Killed a hippogriff
  4593 | D:7      | Reached XP level 7. HP: 14/54 MP: 4/15
  4604 | D:7      | Slain by an orc warrior

Levels and vault maps discovered:
D:1:      scummos_arrival_checkerplants, layout_basic, hex_medium,
          item_on_display_a
D:2:      layout_basic, lemuel_doored_altar,
          chequers_ecumenical_altar_simple_redux
D:3:      layout_basic, gup_sewer_entry_pipe
D:4:      layout_basic, minitemple, minmay_temple_entry_grid, first_ration,
          uniq_sigmund, uniq_natasha
D:7:      layout_basic, nicolae_ru_great_annihilating_truth, marbit_many_paths

Skill      XL: |  1  2  3  4  5  6 |
---------------+-------------------+-----
Spellcasting   | 3 4 5 |  5.9
Fighting       | 1 2 3 4 |  4.2
Conjurations   | 4 |  4.9
Dodging        | |  1.5
Stealth        | |  1.5

Action                   |  1- 3 |  4- 6 |  7- 9 || total
-------------------------+-------+-------+-------++-------
Melee: Club              |    13 |       |       ||    13
       Unarmed           |     4 |       |       ||     4
       Whip              |    13 |    84 |       ||    97
 Cast: Magic Dart        |    81 |    69 |     3 ||   153
       Searing Ray       |     4 |    14 |       ||    18
  Use: Scroll            |       |     6 |     1 ||     7
Armor: Robe              |     7 |    32 |       ||    39
Dodge: Dodged            |    39 |    76 |       ||   115

Table legend:
 A = Non-vault XP
 B = Vault XP
 C = Vault XP percentage of total XP
 D = Non-vault monster count
 E = Vault monster count
 F = Vault count percentage of total count
                 A         B        C        D         E       F
            +---------+---------+-------+---------+---------+-------
      Total |     810 |      47 |   5.5 |      84 |      25 |  22.9
            +---------+---------+-------+---------+---------+-------
        D:1 |      33 |       0 |   0.0 |      19 |       0 |   0.0
        D:2 |      74 |       0 |   0.0 |      24 |       0 |   0.0
        D:3 |      85 |      17 |  16.7 |      33 |       7 |  17.5
        D:4 |     285 |       0 |   0.0 |       4 |       0 |   0.0
        D:7 |     333 |       0 |   0.0 |       4 |       0 |   0.0
      Sewer |       0 |      30 | 100.0 |       0 |      18 | 100.0
            +---------+---------+-------+---------+---------+-------
